[Event "45th FIDE Olympiad 2024"]
[Site "Budapest"]
[Date "2024.09.12"]
[Round "2.66"]
[White "Fabri, Henrik"]
[Black "Omar, Aden Omar"]
[Result "0-1"]
[ECO "C02"]
[WhiteElo "1936"]
[BlackElo "1779"]
[Annotator "NA"]
[PlyCount "118"]
[EventDate "2024.09.05"]
[EventType "team-tourn"]
[EventCountry "HUN"]
[SourceTitle "playchess.com"]
[Source "ChessBase"]
[SourceQuality "1"]
[WhiteTeam "Isle of Man"]
[BlackTeam "Djibouti"]
[WhiteTeamCountry "IOM"]
[BlackTeamCountry "DJI"]
[TimeControl "40/5400+30:1800+30"]

1. e4 e6 2. d4 d5 3. e5 c5 4. c3 Nc6 5. Nf3 Qb6 6. Bd3 Bd7 7. O-O cxd4 8. cxd4 Nxd4 9. Nbd2 Bc5 10. Nxd4 Bxd4 11. Nf3 Bc5 12. a3 a5 13. b3 Bb5 14. Bf4 Ne7 15. b4 axb4 16. axb4 Rxa1 17. Bxb5+ Qxb5 18. Qxa1 Bb6 19. Be3 O-O 20. Bxb6 Qxb6 21. Qb2 Nc6 22. Rb1 f6 23. exf6 Rxf6 24. b5 Na5 25. Ra1 Nc4 26. Ra8+ Rf8 27. Qa1 Qxb5 28. h3 Qb2 29. Rxf8+ Kxf8 30. Qa8+ Ke7 31. Qc8 Qb4 32. Qc7+ Kf6 33. Qf4+ Ke7 34. Qg5+ Kf8 35. Qd8+ Kf7 36. Qd7+ Kf6 37. g4 Qe7 38. g5+ Kf7 39. Qc8 b5 40. Qh8 Kg6 41. h4 h5 42. gxh6 gxh6 43. Qg8+ Kh5 44. Kh2 Qd7 45. Kg3 e5 46. Nh2 Nd6 47. f3 Nf5+ 48. Kf2 Qa7+ 49. Kg2 Qg7+ 50. Qxg7 Nxg7 51. Ng4 b4 52. Nxe5 b3 53. Nd3 Kxh4 54. Kf2 Ne6 55. Ke3 Kg3 56. f4 d4+ 57. Ke4 Nc5+ 58. Kxd4 Nxd3 59. Kxd3 Kxf4 0-1

[Event "45th FIDE Olympiad 2024"]
[Site "Budapest"]
[Date "2024.09.12"]
[Round "2.67"]
[White "Hovhannisyan, Robert"]
[Black "De La Riva Aguado, Oscar"]
[Result "1/2-1/2"]
[ECO "C13"]
[WhiteElo "2619"]
[BlackElo "2431"]
[Annotator "TA"]
[PlyCount "42"]
[EventDate "2024.09.05"]
[EventType "team-tourn"]
[EventCountry "HUN"]
[SourceTitle "playchess.com"]
[Source "ChessBase"]
[SourceQuality "1"]
[WhiteTeam "Armenia"]
[BlackTeam "Andorra"]
[WhiteTeamCountry "ARM"]
[BlackTeamCountry "AND"]
[TimeControl "40/5400+30:1800+30"]

1. e4 e6 2. d4 d5 3. Nc3 Nf6 4. Bg5 dxe4 5. Nxe4 Nbd7 6. Nf3 h6 7. Bxf6 Nxf6 8. Bd3 Nxe4 9. Bxe4 c5 {The position is equal.} 10. Qe2 Qa5+ 11. c3 cxd4 12. Nxd4 Qb6 13. Nf3 Be7 14. O-O-O Bf6 {Repels Ne5} 15. Nd2 O-O 16. h4 (16. Bc2 $14) 16... Bd7 $11 17. Bc2 {[#] Ne4 would now be deadly.} Rfd8 18. Ne4 Be7 {Inhibits Rd6.} 19. Nd2 Bf6 (19... Bc6 $17 20. Nf3 Bd5) 20. Ne4 $15 Be7 {Dodges Rd6} 21. Nd2 Bf6 {Weighted Error Value: White=0.14 (very precise) /Black=0.12 (very precise) .  Mistake:       	White=1     	Black=2      Inaccurate:     	White=3     	---        OK:         	White=2     	Black=7      Best:        	White=3     	---} ({Better is} 21... Bc6 $17 22. Nf3 Bd5) 1/2-1/2

[Event "45th FIDE Olympiad 2024"]
[Site "Budapest"]
[Date "2024.09.12"]
[Round "2.67"]
[White "Mohamed, Ali Dima"]
[Black "Ormsby, Alan"]
[Result "1-0"]
[ECO "B90"]
[WhiteElo "1761"]
[BlackElo "1914"]
[Annotator "NA"]
[PlyCount "83"]
[EventDate "2024.09.05"]
[EventType "team-tourn"]
[EventCountry "HUN"]
[SourceTitle "playchess.com"]
[Source "ChessBase"]
[SourceQuality "1"]
[WhiteTeam "Djibouti"]
[BlackTeam "Isle of Man"]
[WhiteTeamCountry "DJI"]
[BlackTeamCountry "IOM"]
[TimeControl "40/5400+30:1800+30"]

1. e4 c5 2. Nf3 d6 3. d4 cxd4 4. Nxd4 Nf6 5. Nc3 a6 6. h3 e6 7. Bg5 Be7 8. Be2 Nc6 9. Nf3 O-O 10. Qd2 Qc7 11. a3 b5 12. Rd1 Rd8 13. O-O Bb7 14. Be3 Rac8 15. Bd3 Ne5 16. Nxe5 dxe5 17. Qe2 h6 18. f3 Bc5 19. Nb1 Nh5 20. Qf2 Bxe3 21. Qxe3 Nf4 22. Nc3 Qe7 23. Ne2 Nxe2+ 24. Bxe2 Rxc2 25. b4 Rd4 26. Rc1 Rxc1 27. Rxc1 Qd6 28. Qc3 Rd2 29. Bf1 Qb6+ 30. Kh1 Qd6 31. Qc7 Rd1 32. Qxd6 Rxd6 33. Rc7 Bc6 34. Rc8+ Kh7 35. Kg1 g5 36. Kf2 Kg6 37. Ke3 Bd7 38. Rc7 Rd4 39. Bd3 f5 40. exf5+ exf5 41. g4 Rd6 42. Rxd7 1-0

[Event "45th FIDE Olympiad 2024"]
[Site "Budapest"]
[Date "2024.09.12"]
[Round "2.68"]
[White "Ribera Veganzones, Serni"]
[Black "Grigoryan, Karen H."]
[Result "0-1"]
[ECO "B42"]
[WhiteElo "2309"]
[BlackElo "2569"]
[Annotator "TA"]
[PlyCount "76"]
[EventDate "2024.09.05"]
[EventType "team-tourn"]
[EventCountry "HUN"]
[SourceTitle "playchess.com"]
[Source "ChessBase"]
[SourceQuality "1"]
[WhiteTeam "Andorra"]
[BlackTeam "Armenia"]
[WhiteTeamCountry "AND"]
[BlackTeamCountry "ARM"]
[TimeControl "40/5400+30:1800+30"]

1. e4 c5 2. Nf3 e6 3. d4 cxd4 4. Nxd4 a6 5. Bd3 Nf6 6. O-O Qc7 7. c4 d6 8. Nc3 g6 9. h3 Bg7 10. Nf3 O-O 11. Bf4 {White is slightly better.} b6 12. Rc1 Bb7 13. Re1 Rd8 14. Bf1 Ne8 15. b4 Nd7 16. Qb3 Rac8 17. Na4 Qb8 18. Nd2 Ba8 19. Nc3 Rc7 20. Rc2 Rdc8 21. Rec1 h6 22. a3 Kh7 23. Na4 Bc6 24. Be3 b5 25. cxb5 Bxb5 26. Rxc7 Rxc7 27. Rxc7 Qxc7 28. Nb2 Nef6 29. Bxb5 axb5 30. a4 (30. Nd1 $11 {might be stronger.}) 30... bxa4 (30... Qc1+ $15 31. Kh2 bxa4 32. Nxa4 d5 33. exd5 Nxd5) 31. Nxa4 $11 d5 32. b5 dxe4 33. b6 Qc1+ 34. Nf1 Qc6 35. b7 Nd5 36. Ba7 (36. b8=R $2 Nxb8 37. Qxb8 Qxa4 $19) (36. Nc5 $11 Nb8 37. Nxe4) 36... Be5 (36... Nf4 $1 $15 37. Be3 (37. b8=R $2 {too greedy.} Nxb8 38. Be3 Ne2+ 39. Kh2 Nd7 $19) (37. b8=B $2 {loses.} Ne2+ 38. Kh2 Qc1 $19) 37... Ne2+ 38. Kh1 Nc1) 37. Nb2 (37. g3 $1 $11 {remains equal.}) 37... N5b6 $17 {Black is more active.} 38. g3 $2 {[#]} (38. Bxb6 $17 {was called for.} Nxb6 39. Na4 Nxa4 40. b8=Q Bxb8 41. Qxb8) 38... Qxb7 {Weighted Error Value: White=0.32/Black=0.18 (very precise) .  Mistake:       	White=4     	Black=2      Inaccurate:     	White=4     	Black=4      OK:         	---       	Black=8      Best:        	White=1     	Black=1} 0-1

[Event "45th FIDE Olympiad 2024"]
[Site "Budapest"]
[Date "2024.09.12"]
[Round "2.69"]
[White "Romanov, Evgeny"]
[Black "Deac, Bogdan-Daniel"]
[Result "1/2-1/2"]
[ECO "A13"]
[WhiteElo "2567"]
[BlackElo "2680"]
[Annotator "TA"]
[PlyCount "112"]
[EventDate "2024.09.05"]
[EventType "team-tourn"]
[EventCountry "HUN"]
[SourceTitle "playchess.com"]
[Source "ChessBase"]
[SourceQuality "1"]
[WhiteTeam "North Macedonia"]
[BlackTeam "Romania"]
[BlackTeamCountry "ROU"]
[TimeControl "40/5400+30:1800+30"]

1. c4 e6 2. g3 d5 3. Bg2 Nf6 4. Nf3 d4 5. d3 Nc6 6. O-O Bc5 {A13: English Opening: 1...e6.} 7. Nbd2 a5 8. Nb3 Be7 9. e3 dxe3 10. Bxe3 O-O 11. Nbd4 Bd7 12. Nb5 e5 13. h3 $146 ({Predecessor:} 13. Qe2 Re8 14. Rfd1 Qc8 15. a3 h6 16. Re1 Bf8 17. Qc2 Nd8 18. Bd2 c6 19. Nc3 {½-½ Vidit,S (2727)-Seo,J (2455) Titled Tuesday intern op 16th Apr Early blitz 2024 (11)}) 13... Qc8 14. Kh2 Rd8 15. Qe2 Re8 16. Rfd1 h6 17. Qf1 Bf8 18. Rac1 Nb4 19. Nc3 c5 20. Nd2 Bc6 21. Nde4 Nd7 22. g4 Qd8 23. a3 Na6 24. f4 exf4 25. Bxf4 Nc7 26. Bg3 Ne6 27. Rc2 Be7 28. Rf2 Bh4 29. Nd5 Bxg3+ 30. Nxg3 Ne5 31. Nf5 Nc7 32. d4 cxd4 33. Rxd4 Nxd5 34. cxd5 Bd7 35. d6 Qb6 36. Rfd2 Ng6 (36... Bxf5 $1 $11 37. gxf5 (37. Qxf5 Rad8 $11) 37... Rad8) 37. Qf2 (37. Bd5 $1 $16 Be6 38. Qd3) 37... Re5 38. Ne3 Re6 39. Nc4 Qb5 (39... Qa6 $1 $11) 40. a4 $16 Qc5 {[#]} (40... Qg5 $16) 41. Rf4 $2 (41. Bd5 $1 $18 ) 41... Qxf2 (41... Qb4 $1 $11 42. Rfd4 (42. Rxf7 Qxc4 43. Rxd7 Rf8 $16) 42... Rf6) 42. Rfxf2 $16 Ne5 43. Bxb7 (43. Bd5 $16 Nxc4 44. Bxc4) 43... Nxc4 $14 44. Bxa8 Nxd2 45. Rxd2 Kf8 {[#]} 46. b4 ({White should play} 46. b3 $1 $14) 46... axb4 $11 47. a5 Re3 48. Rb2 Ra3 49. Rxb4 g6 50. Rb8+ Kg7 51. Rd8 Rxa5 52. Bg2 Ra7 53. Bd5 Kf6 54. Kg3 Be6 55. Bxe6 Kxe6 56. Rh8 Ke5 1/2-1/2

[Event "45th FIDE Olympiad 2024"]
[Site "Budapest"]
[Date "2024.09.12"]
[Round "2.69"]
[White "Gabriel, Davidson"]
[Black "Enemchukwu, Chinedu Benjamin"]
[Result "1-0"]
[ECO "A22"]
[WhiteElo "2043"]
[BlackElo "2001"]
[Annotator "NA"]
[PlyCount "81"]
[EventDate "2024.09.05"]
[EventType "team-tourn"]
[EventCountry "HUN"]
[SourceTitle "playchess.com"]
[Source "ChessBase"]
[SourceQuality "1"]
[WhiteTeam "Haiti"]
[BlackTeam "Saint Vincent and the Grenadines"]
[WhiteTeamCountry "HAI"]
[TimeControl "40/5400+30:1800+30"]

1. c4 e5 2. Nc3 Nf6 3. g3 d5 4. cxd5 Nxd5 5. Bg2 Be6 6. Qb3 Nb6 7. Qb5+ c6 8. Qxe5 N8d7 9. Qe4 Nf6 10. Qc2 Qd7 11. d3 Bd6 12. Bg5 Nfd5 13. a3 h6 14. Bd2 O-O 15. Nf3 Bh3 16. O-O Bxg2 17. Kxg2 f5 18. Nxd5 Nxd5 19. e4 fxe4 20. dxe4 Nb6 21. Nh4 Qe6 22. Bc3 Rae8 23. Rae1 Be7 24. Nf5 Bf6 25. Bb4 c5 26. Qxc5 Rc8 27. Qb5 Rfd8 28. Qe2 Nc4 29. Qg4 Kf7 30. Bc3 Ne5 31. Bxe5 Bxe5 32. Re2 Rc4 33. f4 Bf6 34. e5 Re8 35. Nd6+ Kf8 36. Qxe6 Rxe6 37. Nxc4 Be7 38. Rd1 Rc6 39. Nd6 b6 40. Rdd2 g6 41. Rc2 1-0

[Event "45th FIDE Olympiad 2024"]
[Site "Budapest"]
[Date "2024.09.12"]
[Round "2.70"]
[White "Shevchenko, Kirill"]
[Black "Nikolovski, Nikola"]
[Result "1-0"]
[ECO "A96"]
[WhiteElo "2673"]
[BlackElo "2388"]
[Annotator "TA"]
[PlyCount "67"]
[EventDate "2024.09.05"]
[EventType "team-tourn"]
[EventCountry "HUN"]
[SourceTitle "playchess.com"]
[Source "ChessBase"]
[SourceQuality "1"]
[WhiteTeam "Romania"]
[BlackTeam "North Macedonia"]
[WhiteTeamCountry "ROU"]
[TimeControl "40/5400+30:1800+30"]

1. d4 e6 2. Nf3 f5 3. g3 Nf6 4. Bg2 Be7 5. O-O O-O 6. c4 d6 7. Nc3 a5 8. Bf4 Nh5 9. Bd2 Nd7 (9... Nf6 $14) 10. e4 $16 {White is better.} f4 11. e5 dxe5 12. dxe5 g6 13. Qe2 Nc5 14. Rad1 Bd7 15. Nb5 Bc6 {[#]} (15... Rf7 $16 16. b3 Qb8) 16. Bxa5 $1 Qc8 17. Bb4 (17. Bxc7 $6 Bxb5 18. Bd6 Bxd6 $14) 17... Rxa2 18. Nbd4 {Nxc6 would now be deadly.} Be4 {[%mdl 8192] [#] This move loses the game for Black.} (18... Qe8 $16 {is tougher.} 19. g4 Ng7) 19. Bxc5 $1 $18 Bxf3 20. Qxf3 (20. Bxf3 Bxc5 21. Nxe6 Qxe6 22. Bd5 (22. Bxb7 $2 c6 $19)) 20... fxg3 $2 (20... Bxc5 21. Qb3 (21. Qxb7 Qxb7 22. Bxb7 fxg3 $15) 21... Bxd4 22. Rxd4 (22. Qxa2 c5 $16) 22... Ra5) 21. Bxe7 {White is clearly winning.} Rxf3 22. Nxf3 {And now Rd8+ would win.} ({But not} 22. Bxf3 Qe8 $18) 22... Ra8 23. Rd8+ Qxd8 24. Bxd8 {This pair of bishops is nice.} gxh2+ 25. Kxh2 Rxd8 26. Ra1 h6 27. Ra7 g5 28. Rxb7 g4 29. Nh4 Rd2 30. b4 Rxf2 31. Rxc7 Rb2 32. b5 Rb3 33. Ng6 {Threatens to win with c5.} Ng3 {[#]} 34. b6 $1 {Weighted Error Value: White=0.46/Black=0.68.  Loses game:     	---       	Black=1      Mistake:       	White=2     	Black=3      Inaccurate:     	---       	Black=1      OK:         	White=8     	Black=8      Best:        	White=1     	Black=2      Strong:       	White=1     	---} 1-0

[Event "45th FIDE Olympiad 2024"]
[Site "Budapest"]
[Date "2024.09.12"]
[Round "2.70"]
[White "Cottle, Brian S"]
[Black "Etienne, Angelo"]
[Result "0-1"]
[ECO "A34"]
[WhiteElo "1804"]
[BlackElo "2122"]
[Annotator "NA"]
[PlyCount "92"]
[EventDate "2024.09.05"]
[EventType "team-tourn"]
[EventCountry "HUN"]
[SourceTitle "playchess.com"]
[Source "ChessBase"]
[SourceQuality "1"]
[WhiteTeam "Saint Vincent and the Grenadines"]
[BlackTeam "Haiti"]
[BlackTeamCountry "HAI"]
[TimeControl "40/5400+30:1800+30"]

1. c4 Nf6 2. Nc3 c5 3. g3 g6 4. Bg2 Bg7 5. e3 e5 6. Nge2 O-O 7. O-O d6 8. b3 Nc6 9. Bb2 Bg4 10. h3 Be6 11. d4 exd4 12. exd4 d5 13. cxd5 Nxd5 14. dxc5 Nxc3 15. Bxc3 Bxc3 16. Nxc3 Qc8 17. Kh2 Rd8 18. Qf3 Nd4 19. Qxb7 Qxc5 20. Na4 Qa5 21. Qe7 Rac8 22. Bb7 Qf5 23. Bg2 Nf3+ 24. Kh1 Nd2 25. Rad1 Rd7 26. Qb4 Nxf1 27. Rxf1 Bd5 28. Bxd5 Qxh3+ 29. Kg1 Rxd5 30. Qb7 Rh5 31. Qg2 Qxg2+ 32. Kxg2 Rc2 33. a3 Ra2 34. Nc3 Rxa3 35. Ne4 Kg7 36. g4 Re5 37. f3 Rxb3 38. g5 Rxe4 39. fxe4 Rb5 40. Ra1 Rxg5+ 41. Kf3 a5 42. Kf4 Rb5 43. Ra4 f5 44. exf5 Rb4+ 45. Rxb4 axb4 46. fxg6 Kxg6 0-1

[Event "45th FIDE Olympiad 2024"]
[Site "Budapest"]
[Date "2024.09.12"]
[Round "2.71"]
[White "Risteski, Emil"]
[Black "Lupulescu, Constantin"]
[Result "1/2-1/2"]
[ECO "B67"]
[WhiteElo "2367"]
[BlackElo "2590"]
[Annotator "TA"]
[PlyCount "151"]
[EventDate "2024.09.05"]
[EventType "team-tourn"]
[EventCountry "HUN"]
[SourceTitle "playchess.com"]
[Source "ChessBase"]
[SourceQuality "1"]
[WhiteTeam "North Macedonia"]
[BlackTeam "Romania"]
[BlackTeamCountry "ROU"]
[TimeControl "40/5400+30:1800+30"]

1. e4 c5 2. Nf3 d6 3. d4 cxd4 4. Nxd4 Nf6 5. Nc3 Nc6 6. Bg5 Bd7 7. Qd2 a6 8. O-O-O e6 9. Kb1 Be7 {9...Nxd4 is the hot move. B67: Sicilian: Richter-Rauzer: 7...a6 8 0-0-0 Bd7, lines without 9 f4 Be7.} 10. Nxc6 Bxc6 11. f3 Qc7 12. h4 O-O-O 13. Ne2 h6 14. Be3 d5 15. e5 Nd7 16. f4 Bb5 $146 ({Predecessor:} 16... Nb6 17. Qe1 Kb8 18. h5 Rc8 19. Nd4 Nc4 20. Bxc4 dxc4 21. Nxc6+ Qxc6 22. Qg3 Rhg8 {½-½ Pascual Perez,N (2458)-Wosch,A (2379) ST-2020-0-00154}) 17. h5 Nb6 18. Qa5 Nc4 19. Qxc7+ Kxc7 20. Bc1 Na5 21. Nd4 Bxf1 22. Rhxf1 Nc6 23. c3 Nxd4 24. cxd4 g6 25. g4 Kd7 26. f5 gxf5 (26... exf5 $1 $11 {remains equal.} 27. gxf5 gxf5 (27... gxh5 28. Rh1 $16)) 27. gxf5 $16 exf5 28. Rxf5 Ke6 29. Rdf1 Rh7 30. R5f3 Rg8 31. Rb3 b5 32. Rc3 Kd7 33. Bf4 Rc8 34. Rxc8 Kxc8 35. Rg1 Kd7 36. Rg8 Ke6 37. Re8 f6 38. exf6 (38. Ra8 $5 Kf5 39. Ra7 $11) 38... Kxf6 39. Ra8 Kf5 40. Be5 Bg5 41. Rxa6 Rb7 42. Rd6 Kg4 43. Rxd5 Kxh5 44. Rc5 Kg4 45. d5 Kf5 (45... Be3 $1 $14 46. Rc3 Bf4 47. Bxf4 Kxf4) 46. d6 (46. Bc7 $16) 46... Ke6 $11 47. Bg3 b4 (47... Bf6 $11) 48. Re5+ Kd7 $1 49. Kc2 b3+ $1 50. axb3 Rb4 51. Ra5 Bf4 (51... Rg4 $11 52. Be5 Rg2+ 53. Kd3 Ke6) 52. Ra7+ Kxd6 53. Bxf4+ Rxf4 54. Ra6+ Kc5 55. Rxh6 Rf2+ 56. Kb1 Kb5 57. Rh5+ Kb6 (57... Kb4 $11) 58. Ka2 $14 Rf4 59. Ka3 Rg4 60. Rh1 Rf4 61. b4 Rf8 ({Black should try} 61... Rf2 $1 $14) 62. Kb3 ({White should play} 62. Rh6+ $16 Kb5 63. Rh5+ Kb6 64. Rh2) 62... Rg8 {[#]} (62... Ra8 $14) 63. Rh6+ $1 $16 Kb5 64. Rh5+ Kb6 65. Ka4 Rg6 66. Rh8 Rf6 67. Rh4 Rg6 68. b5 Rg1 69. Rh6+ Kb7 70. Kb4 Rf1 71. b6 (71. Rg6 $16) 71... Rf4+ $11 72. Ka5 Rf5+ 73. Ka4 Rf4+ 74. b4 Rf5 75. b5 Rf1 76. Rh7+ 1/2-1/2

[Event "45th FIDE Olympiad 2024"]
[Site "Budapest"]
[Date "2024.09.12"]
[Round "2.71"]
[White "Victor, Wyclef"]
[Black "Schneider, James U"]
[Result "1-0"]
[ECO "A23"]
[WhiteElo "1924"]
[BlackElo "1486"]
[Annotator "NA"]
[PlyCount "95"]
[EventDate "2024.09.05"]
[EventType "team-tourn"]
[EventCountry "HUN"]
[SourceTitle "playchess.com"]
[Source "ChessBase"]
[SourceQuality "1"]
[WhiteTeam "Haiti"]
[BlackTeam "Saint Vincent and the Grenadines"]
[WhiteTeamCountry "HAI"]
[TimeControl "40/5400+30:1800+30"]

1. c4 e5 2. Nc3 Nf6 3. g3 c6 4. Bg2 Bb4 5. Nf3 Bxc3 6. bxc3 d6 7. O-O O-O 8. d4 e4 9. Nd2 d5 10. cxd5 cxd5 11. c4 Nc6 12. e3 Bf5 13. Qa4 Re8 14. Rb1 Qd7 15. Re1 Rab8 16. Ba3 Nxd4 17. Qxd7 Nxd7 18. exd4 e3 19. fxe3 Bxb1 20. Nxb1 dxc4 21. Bd6 b5 22. Bxb8 Rxb8 23. Na3 a6 24. Rb1 c3 25. Bc6 Nf6 26. h3 Kf8 27. Kf2 Ke7 28. Ke2 Kd6 29. Bxb5 axb5 30. Nxb5+ Kc6 31. Nxc3 Ra8 32. Kd3 Nd7 33. e4 f6 34. Rb4 Ra3 35. Rc4+ Kd6 36. Ra4 Rxa4 37. Nxa4 Kc6 38. Kc4 Nb8 39. Nc5 g6 40. g4 Kd6 41. a4 Kc7 42. Kd5 Nc6 43. Ne6+ Kb6 44. Nf8 h5 45. gxh5 gxh5 46. Nd7+ Kc7 47. Nxf6 Nb4+ 48. Kc4 1-0

[Event "45th FIDE Olympiad 2024"]
[Site "Budapest"]
[Date "2024.09.12"]
[Round "2.72"]
[White "Parligras, Mircea-Emilian"]
[Black "Zlatkov, Anton"]
[Result "1/2-1/2"]
[ECO "E59"]
[WhiteElo "2537"]
[BlackElo "2346"]
[Annotator "TA"]
[PlyCount "86"]
[EventDate "2024.09.05"]
[EventType "team-tourn"]
[EventCountry "HUN"]
[SourceTitle "playchess.com"]
[Source "ChessBase"]
[SourceQuality "1"]
[WhiteTeam "Romania"]
[BlackTeam "North Macedonia"]
[WhiteTeamCountry "ROU"]
[TimeControl "40/5400+30:1800+30"]

1. d4 Nf6 2. c4 e6 3. Nc3 Bb4 4. e3 O-O 5. Bd3 d5 6. a3 Bxc3+ 7. bxc3 dxc4 8. Bxc4 c5 9. Nf3 Qc7 10. Be2 Nc6 11. O-O Rd8 12. c4 b6 13. Bb2 cxd4 14. exd4 Bb7 15. Re1 Qf4 16. Qc1 (16. Bd3 {with more complications.} Rac8 17. Qe2 Na5 18. Ne5) 16... Qxc1 17. Raxc1 Rac8 18. Bf1 Na5 19. Nd2 Ba6 20. Rc2 Ne8 21. Rec1 Nd6 22. d5 ({White should play} 22. h3 $11) 22... exd5 $15 23. cxd5 Rxc2 24. Rxc2 Bxf1 25. Kxf1 f6 26. Rc3 Nb5 27. Rd3 {[#]} Nb7 (27... Nc7 $1 $17 28. d6 Ne6) 28. Ne4 $11 Nc5 29. Nxc5 {The position is equal.} bxc5 {[%mdl 4096] Endgame. KRB-KRN} 30. a4 Nd4 31. Ba3 (31. Bxd4 Rxd5 32. Rb3 cxd4 (32... Rxd4 33. Rb8+ Kf7 34. Rb7+ Ke6 35. Rxa7 $11)) 31... Rxd5 32. Bxc5 Rxc5 33. Rxd4 {KR-KR} Rc7 34. Rd6 Kf7 35. Ra6 Ke7 36. Ke2 Kd7 37. Kd3 Kc8 38. h4 Rd7+ 39. Kc4 Re7 40. f3 Kb7 41. Rd6 Kc7 42. Ra6 Kb7 43. Rd6 Kc7 {Weighted Error Value: White=0.11 (very precise) /Black=0.08 (flawless) .  Mistake:       	White=1     	Black=1      Inaccurate:     	White=2     	---        OK:         	White=14    	Black=16     Best:        	White=1     	Black=2} 1/2-1/2

[Event "45th FIDE Olympiad 2024"]
[Site "Budapest"]
[Date "2024.09.12"]
[Round "2.73"]
[White "Nguyen, Thai Dai Van"]
[Black "Amartuvshin, Ganzorig"]
[Result "*"]
[ECO "A13"]
[WhiteElo "2647"]
[BlackElo "2402"]
[Annotator "TA"]
[PlyCount "104"]
[EventDate "2024.09.05"]
[EventType "team-tourn"]
[EventCountry "HUN"]
[SourceTitle "playchess.com"]
[Source "ChessBase"]
[SourceQuality "1"]
[WhiteTeam "Czech Republic"]
[BlackTeam "Mongolia"]
[WhiteTeamCountry "CZE"]
[BlackTeamCountry "MGL"]
[TimeControl "40/5400+30:1800+30"]

1. c4 Nf6 2. Nf3 e6 3. g3 d5 4. Bg2 dxc4 5. Qa4+ Nbd7 6. Qxc4 c5 7. Qb3 Bd6 8. O-O {A13: English Opening: 1...e6.} e5 $146 ({Predecessor:} 8... Rb8 9. Nc3 a6 10. d4 b5 11. dxc5 Nxc5 12. Qc2 Bb7 13. Rd1 Rc8 14. Bf4 Nce4 15. Ng5 e5 16. Bxe4 {1-0 Duda,J (2733)-Erigaisi,A (2778) Chess.com SpeedChess blitz 2024 (1.9)}) 9. d3 O-O 10. a4 h6 11. a5 Nb8 12. Nfd2 Nc6 13. a6 Rb8 14. Qd1 Qd7 15. axb7 Bxb7 16. Nc3 a6 17. Nc4 Nb4 18. Qa4 (18. Ne4 $5 Be7 19. Nxe5 $14) 18... Qe6 19. Be3 Bxg2 20. Kxg2 Be7 21. f3 Nd7 22. Rfc1 f5 23. Nd2 Kh7 24. Qd1 Nb6 25. Bf2 Rfc8 26. Na4 Nxa4 27. Rxa4 Nd5 28. Nc4 f4 29. g4 Rc6 30. Rca1 h5 31. h3 $1 Rh8 32. Na5 (32. Qb3 $1 $14) 32... Rcc8 33. Nc4 (33. Nb3 $11 Bh4 (33... hxg4 34. hxg4 Rc6 35. Na5 $16) 34. Rxa6 (34. Bxh4 $2 Ne3+ 35. Kg1 Nxd1 $19)) 33... Rc6 $1 $14 ({But not} 33... hxg4 $6 34. hxg4 (34. Rxa6 gxf3+ 35. exf3 Qf5 $11) 34... Rc6 35. Na5 $16) 34. Qb3 $1 Rd8 (34... Nb4 $14) 35. Qc2 (35. Nd2 $16) 35... Nb4 36. Qc1 Rb8 37. Na5 Rcb6 38. Nc4 Rc6 $1 39. Na5 Rcb6 $1 40. Qc4 Qg6 41. Rc1 Rb5 42. Qe4 Qxe4 43. fxe4 f3+ 44. Kxf3 Rf8+ {[#]} 45. Kg3 $1 Bh4+ 46. Kxh4 Rxf2 47. Nc4 Rxe2 48. Ra3 Rg2 ({Better is} 48... hxg4 49. hxg4 a5) 49. gxh5 $16 ({Much less strong is} 49. Nxe5 hxg4 50. hxg4 Rxb2 $14) ({Resist} 49. Kxh5 a5 $16) 49... Nc6 (49... Rb8 $16 {is a better defense.} 50. Nxe5 g5+ 51. hxg6+ Kg7) 50. Rxa6 $18 g5+ 51. hxg6+ Rxg6 52. Rf1 Rh6+ *

[Event "45th FIDE Olympiad 2024"]
[Site "Budapest"]
[Date "2024.09.12"]
[Round "2.73"]
[White "Koumba, Mounguen Jose Evrard"]
[Black "Liyanage, Ranindu Dilshan"]
[Result "0-1"]
[ECO "C55"]
[WhiteElo "1957"]
[BlackElo "2366"]
[Annotator "TA"]
[PlyCount "56"]
[EventDate "2024.09.05"]
[EventType "team-tourn"]
[EventCountry "HUN"]
[SourceTitle "playchess.com"]
[Source "ChessBase"]
[SourceQuality "1"]
[WhiteTeam "Gabon"]
[BlackTeam "Sri Lanka"]
[WhiteTeamCountry "GAB"]
[BlackTeamCountry "SRI"]
[TimeControl "40/5400+30:1800+30"]

1. e4 e5 2. Nf3 Nc6 3. Bc4 Nf6 4. d3 h6 5. Nc3 d6 6. h3 Na5 7. Bb5+ c6 8. Ba4 b5 9. Bb3 {The position is equal.} Be7 10. Be3 Qc7 11. Qd2 Bd7 (11... b4 $15 12. Na4 c5) 12. Ne2 d5 13. exd5 Nxb3 14. axb3 Nxd5 15. Ng3 $2 {[#] This move loses the game for White.} (15. O-O $11) 15... f5 $1 $19 16. Bxa7 $2 (16. Nh5) 16... Rxa7 17. Rxa7 Qxa7 18. O-O Bd6 19. Re1 O-O 20. Nxe5 Bxe5 21. Rxe5 Qa1+ 22. Kh2 Qxb2 23. Qe2 Nf4 24. Qe1 Ng6 {Prevents Re7.} 25. Rc5 Qd4 26. b4 Re8 27. Qd2 f4 28. Ne2 Qxf2 {Weighted Error Value: White=0.76/Black=0.06 (flawless) .  Loses game:     	White=1     	---        Mistake:       	White=1     	Black=1      Inaccurate:     	White=4     	Black=1      OK:         	White=8     	Black=10     Best:        	---       	Black=2      Strong:       	---       	Black=1} 0-1